Map: Cerulean Fall LE

Players

PtitDrogo

  • Race: Protoss Protoss
  • League: Master
  • Spawn Location: 7:00

Clem - Winner!

  • Race: Terran Terran
  • League: Master
  • Spawn Location: 1:00

Event: HomeStory Cup XVIII

VOD

Have the link to the VOD?

Description

Time

  • Played on: Nov. 23, 2018, 10:18 a.m.
  • Length: 10:46

All games in this series

Show
View Real Time Build Order
Export as new Build Order

PtitDrogo Protoss 

Build Orders: 1 Gate Expand, Oracle Opening 

Get SALT Encoding   

  12  0:00  Probe  
  13  0:12  Probe  
  14  0:17  Pylon  
  14  0:24  Probe  
  15  0:32  Probe  
  15  0:37  Gateway  
  15  0:40  Probe  
  16  0:46  Assimilator  
  17  0:51  Probe  
  18  1:03  Probe  
  19  1:15  Probe  
  20  1:22  Nexus  
  20  1:33  Cybernetics Core  
  20  1:35  Probe  
  21  1:40  Assimilator  
  21  1:47  Probe  
  21  1:50  Pylon  
  22  1:59  Probe  
  23  2:01  Adept  
  23  2:12  Probe  
  23  2:13  Stargate  
  26  2:22  Warp Gate  
  26  2:24  Probe  
  27  2:30  Stalker  
  27  2:32  Probe  
  27  2:33  Probe  
  31  2:40  Probe  
  31  2:41  Probe  
  31  2:48  Probe  
  31  2:50  Probe  
  33  2:52  Oracle  
  35  3:00  Probe  
  35  3:02  Probe  
  40  3:15  Probe  
  40  3:17  Probe  
  40  3:19  Stalker  
  44  3:22  Pylon  
  44  3:27  Probe  
  44  3:29  Probe  
  44  3:31  Gateway  
  44  3:32  Gateway  
  46  3:40  Oracle, Probe  
  50  3:45  Probe  
  51  3:49  Pylon  
  51  3:52  Probe  
  52  4:00  Nexus  
  52  4:01  Probe  
  53  4:05  Probe  
  54  4:11  Oracle  
  54  4:13  Probe  
  54  4:14  Assimilator  
  54  4:15  Assimilator  
  54  4:17  Probe  
  56  4:18  Pylon  
  59  4:25  Probe  
  59  4:29  Probe  
  61  4:37  Pylon, Probe, Stalker x2  
  61  4:38  Stalker  
  68  4:41  Probe  
  69  4:49  Twilight Council  
  69  4:50  Forge  
  69  4:53  Probe  
  69  4:55  Probe  
  71  5:02  Blink, Stalker  
  71  5:04  Stalker  
  71  5:05  Probe  
  76  5:07  Probe  
  77  5:17  Probe  
  77  5:18  Probe x2  
  78  5:25  Probe  
  78  5:26  Probe  
  78  5:27  Probe  
  78  5:30  Protoss Ground Weapons Level 1  
  78  5:33  Probe  
  78  5:34  Probe  
  78  5:35  Probe  
  84  5:43  Pylon  
  84  5:44  Probe  
  84  5:45  Gateway, Probe  
  84  5:48  Gateway  
  86  5:51  Gateway x2  
  86  5:54  Probe  
  86  5:55  Gateway  
  86  5:56  Probe  
  88  6:02  Assimilator  
  88  6:03  Assimilator  
  88  6:06  Probe  
  88  6:10  Probe  
  77  6:15  Stalker x3  
  83  6:22  Probe  
  83  6:24  Probe  
  83  6:28  Probe  
  83  6:30  Probe  
  83  6:32  Probe  
  84  6:43  Probe  
  84  6:44  Probe  
  86  6:47  Probe  
  86  6:49  Sentry  
  86  6:50  Sentry x2, Stalker x4  
  101  7:03  Protoss Ground Armor Level 1  
  101  7:04  Pylon  
  101  7:06  Pylon  
  101  7:07  Charge, Pylon  
  101  7:12  Photon Cannon  
  101  7:13  Photon Cannon  
  101  7:16  Photon Cannon  
  101  7:22  Probe x3  
  102  7:30  Pylon  
  102  7:34  Probe  
  102  7:36  Probe  
  100  7:38  Templar Archives  
  100  7:39  Robotics Facility  
  100  7:56  Sentry  
  100  7:57  Sentry, Stalker  
  100  7:58  Zealot x4  
  114  8:01  Pylon  
  114  8:02  Pylon  
  114  8:17  Pylon  
  114  8:18  Stalker x4  
  122  8:23  Pylon  
  116  8:30  Pylon  
  116  8:33  Stalker  
  116  8:34  Stalker x2  
  112  8:36  Observer  
  110  8:42  Zealot x2  
  110  8:43  Zealot x2  
  108  8:57  High Templar x2  
  108  8:58  Zealot  
  108  9:01  High Templar  
  108  9:02  Archon  
  120  9:03  High Templar, Zealot x3  
  120  9:07  Archon  
  119  9:19  Zealot  
  116  9:26  Zealot x3  
  116  9:28  Probe  
  116  9:29  Probe x2  
  104  9:40  Probe  
  104  9:41  Probe x2  
  104  9:45  Robotics Facility  
  103  9:52  Probe, Robotics Facility  
  104  9:53  Forge, Probe x2  
  104  9:54  High Templar x3  
  104  9:55  High Templar  
  104  9:59  Zealot  
  115  10:00  Zealot x2  
  115  10:04  Probe  
  115  10:05  Nexus, Probe x2  
  119  10:19  Stalker x2  
  107  10:21  Zealot x2  
  105  10:28  Zealot x2  
  105  10:29  Zealot  
  103  10:40  Archon  
  103  10:41  Zealot  
  103  10:42  Zealot x2  
Show
View Real Time Build Order
Export as new Build Order

Clem Terran - Winner!

Build Orders: Gas First Reaper Expand, Reaper Expand 

Get SALT Encoding   

  12  0:00  SCV  
  13  0:12  SCV  
  14  0:17  Supply Depot  
  14  0:25  SCV  
  15  0:29  Refinery  
  15  0:39  SCV  
  16  0:44  Barracks  
  16  0:51  SCV  
  17  1:03  SCV  
  18  1:15  SCV  
  19  1:30  Reaper  
  19  1:31  Orbital Command  
  20  1:43  Command Center  
  20  1:55  Factory  
  20  1:58  SCV  
  21  2:07  Barracks Reactor  
  21  2:08  Supply Depot  
  21  2:12  SCV  
  22  2:18  Refinery  
  22  2:26  SCV  
  23  2:38  SCV  
  23  2:43  Starport  
  24  2:45  Marine x2  
  24  2:46  Hellion  
  28  2:52  SCV  
  28  2:55  Orbital Command  
  29  3:03  Marine x2  
  29  3:05  SCV  
  32  3:10  Factory Tech Lab  
  32  3:17  SCV  
  32  3:18  Armory  
  32  3:23  SCV  
  33  3:27  Marine  
  33  3:28  Marine  
  33  3:29  SCV  
  36  3:34  Cyclone  
  36  3:37  SCV  
  40  3:41  SCV  
  40  3:47  Supply Depot  
  40  3:48  Marine x2  
  42  3:49  SCV  
  42  3:51  Medivac  
  45  3:55  Engineering Bay  
  45  3:59  SCV  
  46  4:08  SCV  
  46  4:09  Widow Mine  
  49  4:11  SCV  
  49  4:14  Drilling Claws  
  49  4:15  Supply Depot  
  50  4:18  Marine x2  
  50  4:20  SCV  
  50  4:23  SCV  
  52  4:27  Missile Turret  
  52  4:28  Missile Turret  
  52  4:31  Widow Mine  
  52  4:37  Marine x2, SCV  
  57  4:39  Medivac  
  57  4:41  Supply Depot  
  57  4:43  SCV  
  60  4:49  SCV  
  61  4:58  Barracks x2  
  61  5:00  SCV  
  61  5:03  Widow Mine, SCV  
  61  5:04  Supply Depot  
  61  5:07  Engineering Bay  
  65  5:08  Marine  
  65  5:09  Refinery  
  65  5:10  Marine  
  67  5:18  Starport Tech Lab  
  67  5:21  SCV  
  67  5:23  Refinery  
  67  5:25  SCV  
  67  5:26  Marine  
  68  5:30  Siege Tank  
  68  5:32  Marine  
  68  5:33  SCV  
  73  5:37  Terran Infantry Weapons Level 1  
  73  5:39  Supply Depot  
  73  5:41  Bunker  
  73  5:42  SCV  
  74  5:43  Starport Reactor  
  74  5:45  SCV  
  75  5:54  SCV  
  75  5:55  Marine x2  
  78  6:00  Supply Depot  
  78  6:01  SCV  
  78  6:02  Siege Tank  
  81  6:06  SCV  
  81  6:08  Marine  
  83  6:13  Marine, SCV  
  83  6:16  Stimpack  
  86  6:18  SCV  
  86  6:25  SCV  
  87  6:26  Terran Infantry Armor Level 1  
  87  6:27  Supply Depot, Marine  
  87  6:28  Marauder  
  90  6:38  Marine  
  87  6:44  Command Center, SCV x2  
  87  6:49  Marauder, Medivac x2  
  87  6:52  Factory Reactor  
  93  6:57  Marine x2  
  93  6:58  SCV  
  93  6:59  Combat Shield  
  93  7:00  Marauder  
  98  7:04  Supply Depot  
  98  7:08  Supply Depot  
  98  7:11  Marauder  
  98  7:13  SCV  
  101  7:16  Marine  
  101  7:21  Supply Depot  
  102  7:25  Marine  
  102  7:26  Marauder, Medivac x2, Barracks  
  102  7:27  Barracks  
  106  7:32  Marauder  
  106  7:33  Widow Mine  
  106  7:36  SCV  
  111  7:37  Marine  
  111  7:38  Widow Mine  
  114  7:45  Supply Depot, Marine  
  114  7:47  Marauder  
  117  7:53  Supply Depot  
  117  7:58  Missile Turret, Marauder  
  119  8:01  Supply Depot  
  119  8:08  Widow Mine x2, Medivac  
  119  8:09  Marauder  
  119  8:10  Marine x2  
  125  8:15  Barracks Reactor, Barracks Tech Lab  
  125  8:16  Concussive Shells  
  125  8:21  Orbital Command  
  125  8:22  Liberator  
  125  8:23  SCV  
  123  8:31  Widow Mine  
  124  8:37  Marine x2, Marauder  
  124  8:38  Marauder  
  124  8:39  Widow Mine  
  135  8:42  Marine, SCV  
  137  8:52  Widow Mine  
  137  8:54  SCV  
  140  8:59  Marauder  
  142  9:10  Marine x4  
  142  9:12  Marauder x2  
  142  9:16  Widow Mine  
  150  9:20  Marauder  
  141  9:25  Liberator  
  141  9:26  SCV  
  141  9:27  SCV  
  141  9:28  Marine x2  
  136  9:33  Marauder x2, Medivac  
  136  9:34  Widow Mine, Marine  
  136  9:36  Marine  
  125  9:42  Widow Mine, Marauder  
  127  9:50  Refinery x2  
  125  9:54  Marauder  
  125  9:55  Marauder  
  129  10:02  Starport  
  129  10:04  Marine x3  
  129  10:06  Command Center  
  132  10:10  Marine x2  
  132  10:13  Widow Mine  
  135  10:16  Widow Mine, Marauder  
Tags
 
Add a new tag
Caveats
  • Supply blocks, unpowered buildings, or Contaminate may cause inaccurate times.
  • Supply counts are checked every 10 seconds.